 Dungeon Crawl Stone Soup version 0.31.0-32-g396128a36d (webtiles) character file.

Game seed: 15217666598822682639

3270 Immature the Trooper (level 10, -1/71 HPs)
             Began as an Octopode Fighter on Mar 10, 2024.
             Was an Initiate of Gozag.
             Slain by a gnoll
             ... wielding a +0 spear
             ... led by a gnoll sergeant
              (7 damage)
             ... on level 8 of the Dungeon.
             The game lasted 00:15:29 (8022 turns).

Immature the Trooper (Octopode Fighter)             Turns: 8022, Time: 00:15:30

Health: -1/71      AC:  3    Str: 15    XL:     10   Next: 0%
Magic:  10/10      EV: 19    Int: 11    God:    Gozag
Gold:   1145       SH:  0    Dex: 16    Spells: 9/9 levels left

rFire   . .          .
                       - Unarmed
rCold   . . .        b - melded +0 buckler
rNeg    + . .        m - +2 hat
rPois   .            i - amulet of regeneration
rElec   .            N - ring of positive energy
rCorr   .            (no ring)
SInv    .            (no ring)
Will    .....        (no ring)
Stlth   ++           (no ring)
HPRegen 1.11/turn    (no ring)
MPRegen 0.12/turn    (no ring)
                     (no ring)

%: no passive effects
@: mighty, flux-form, gold aura, mesmerised, glowing
A: glow, contaminating, almost no armour, amphibious, 8 rings, camouflage 1,
gelatinous body 1, (nimble swimmer 1), tentacles
a: Begin Untransformation, Renounce Religion, Potion Petition, Call Merchant,
Bribe Branch


You were on level 8 of the Dungeon.
You worshipped Gozag.
Gozag was most pleased with you.
You were something dangerously unstable.
You visited 2 branches of the dungeon, and saw 9 of its levels.

You collected 1222 gold pieces.
You paid 77 gold pieces to Gozag.


Innate Abilities, Weirdness & Mutations

You are something dangerously unstable.
You glow with magical radiation, making you easy to see and hit.
Foes you strike become dangerously contaminated with magical radiation.
You are incapable of wielding weapons or throwing items.
You cannot wear most types of armour.
You are amphibious.
You can wear up to eight rings at the same time.
Your skin changes colour to match your surroundings (Stealth+).
Your rubbery body absorbs attacks. (AC +1, EV +1)
((You are camouflaged when in or above water. (Stealth+)))
You have tentacles for arms and can constrict up to eight enemies at once.


   Skills:
 + Level 7.3 Fighting
 - Level 2.0 Polearms
 - Level 5.0 Dodging
 - Level 3.0 Stealth
 - Level 3.2 Shields
 + Level 7.3 Unarmed Combat
 + Level 7.3 Shapeshifting


You had 9 spell levels left.
You didn't know any spells.
Your spell library contained the following spells:

 Spells                   Type           Power      Damage    Failure   Level
 Lesser Beckoning         Tloc           0%         N/A       47%         2
 Scorch                   Fire           0%         2d5       47%         2
 Sublimation of Blood     Necr           0%         N/A       47%         2
 Gell's Gravitas          Tloc           0%         N/A       71%         3
 Teleport Other           Tloc           0%         N/A       71%         3
 Flame Wave               Conj/Fire      0%         2d4       98%         4
 Petrify                  Alch/Erth      0%         N/A       98%         4
 Irradiate                Conj/Alch      0%         3d11      100%        5
 Summon Cactus Giant      Summ           0%         N/A       100%        6

Inventory:

Hand Weapons
 a - a +0 trident
Missiles
 d - 23 poisoned darts (quivered)
 o - 3 throwing nets {=f}
Armour
 b - a +0 buckler (melded)
 m - a +2 hat (worn)
Jewellery
 i - an amulet of regeneration (around mantle)
 N - a ring of positive energy (left tentacle)
Talismans
 u - a flux talisman (active)
Wands
 s - a wand of paralysis (21)
 w - a wand of iceblast (12)
Scrolls
 f - 2 scrolls of fog {unknown}
 h - 2 scrolls of teleportation {unknown}
 j - 2 scrolls of revelation
 k - a scroll of enchant weapon {unknown}
 l - a scroll of torment {unknown}
 p - 2 scrolls of amnesia
 q - a scroll of blinking {unknown}
 t - a scroll of immolation {unknown}
Potions
 c - 2 potions of might
 e - a potion of brilliance
 n - 2 potions of enlightenment
 r - 3 potions of curing {@q1}
 v - a potion of magic

Dungeon Overview and Level Annotations

Branches:
Dungeon (8/15)             Temple (1/1) D:4
   Lair: D:8-11

Altars:
Ashenzari
Cheibriados
Dithmenos
Elyvilon
Fedhas
Gozag
Hepliaklqana
Makhleb
Nemelex Xobeh
Okawaru
Qazlal
Ru
Sif Muna
Trog
Uskayaw
Vehumet
Wu Jian
Xom
Yredelemnul
Zin
The Shining One

Shops:
D:1 [([=

Annotations:
D:3 1 runed translucent door, ChrisAssaf's ghost, weakling HuGl
D:5 2 runed translucent doors, GigaNiga123's ghost, novice GnWn
D:8 Grum; Maggie

....... .........
.........
........######
.............#
.............##
....!....[<...# ..
.......g{...$.##..
.##..@p.......#.
?.....hhh.........
###....g..$........
###...................
#..h.###.#..........
#....# #<#..........
#.>...{.............
......g........$.o..
...............ozo.


You could see Maggie (mesmerising, contam), Grum, 4 wolves and a gnoll.


Message History

The gnoll shouts!
You feel much better. The wolf misses you. The wolf completely misses you.
The wolf misses you. The wolf completely misses you.
Maggie hits you with the +9 lance "Wyrmbane" {slay drac, rPois rF+ rC+ AC+3}!!
* * * LOW HITPOINT WARNING * * *
A wolf comes into view.
Something hits you.
* * * LOW HITPOINT WARNING * * *
The wolf howls!
You tentacle-slap Maggie.
Maggie begins to glow.
You grab Maggie. You squeeze Maggie!
Maggie is moderately wounded.
You constrict Maggie, but do no damage. The wolf misses you.
The wolf bites you!
* * * LOW HITPOINT WARNING * * *
The wolf barely misses you.
Maggie hits you with the +9 lance "Wyrmbane" {slay drac, rPois rF+ rC+ AC+3}.
* * * LOW HITPOINT WARNING * * *
Something hits you but does no damage. The wolf barely misses you. x2
The wolf bites you.
* * * LOW HITPOINT WARNING * * *
You feel better.
You constrict Maggie, but do no damage.
The gnoll is no longer distracted by gold.
The wolf barely misses you. The wolf closely misses you. The wolf bites you.
* * * LOW HITPOINT WARNING * * *
Maggie hits you with the +9 lance "Wyrmbane" {slay drac, rPois rF+ rC+ AC+3}.
* * * LOW HITPOINT WARNING * * *
The gnoll hits you with a +0 spear!
You die...
Your body crumbles into a pile of gold.

Skill      XL: |  1  2  3  4  5  6  7  8  9 |
---------------+----------------------------+-----
Stealth        | 1 2 3 |  3.0
Fighting       | 4 5 6 7 |  7.3
Unarmed Combat | 1 2 5 6 7 |  7.3
Shapeshifting  | 1 6 7 |  7.3
Dodging        | 5 |  5.0
Polearms       | |  2.0
Shields        | |  3.2

Action                     |  1- 3 |  4- 6 |  7- 9 | 10-12 || total
---------------------------+-------+-------+-------+-------++-------
  Melee: Trident           |    43 |   114 |       |       ||   157
         Constrict         |     4 |    21 |    72 |     1 ||    98
         Tentacles         |     2 |    18 |    91 |     1 ||   112
         Punch             |       |     5 |    15 |       ||    20
         Unarmed           |       |    18 |   303 |     2 ||   323
  Throw: Dart              |       |    10 |    21 |       ||    31
  Evoke: Wand              |       |       |     3 |       ||     3
    Use: Scroll            |       |     3 |     6 |       ||     9
         Potion            |       |       |     2 |     3 ||     5
   Stab: Sleeping          |     9 |    13 |     9 |       ||    31
         Paralysed         |       |       |     6 |       ||     6
 Armour: Skin              |    15 |    69 |   194 |    17 ||   295
  Dodge: Dodged            |     7 |    63 |   245 |    13 ||   328
  Block: Buckler           |     2 |    28 |    45 |       ||    75
   Form: Flux              |       |       |     1 |       ||     1

Levels and vault maps discovered:
D:1:      dpeg_arrival_erosion, layout_loops_ring, serial_shops, shop, shop,
          shop, nicolae_shop_stone, hangedman_decor_growths,
          minmay_crystal_water, chequers_serial_rivers_small_3
D:2:      layout_basic, reono_crystal_passage, minmay_rat_gold_closets,
          uniq_jessica, uniq_natasha
D:3:      layout_basic, ebering_ghost_reflecting_pool, eino_tiny_chamber,
          st_stairs_4
D:4:      layout_gridville, minmay_temple_entry_sparse_star
D:5:      layout_loops_ring, ebering_ghost_disaster_area, abandoned_shop,
          minmay_misc_feat_x
D:6:      layout_cave_pools, chei_slow_surprise
D:7:      layout_layer_cave, uniq_joseph
D:8:      layout_rooms, mainiacjoe_overflow_paths, serial_curves,
          eino_curves_01, eino_curves_04, eino_curves_03, eino_curves_03,
          grunt_decor_clamped, eino_small_chamber_without_monster,
          kennysheep_potato, uniq_maggie, uniq_grum
Temple:   mainiacjoe_temple_cubbyholes

Notes
Turn   | Place    | Note
-------+----------+-------------------------------------------
     0 | D:1      | Immature the Octopode Fighter began the quest for the Orb.
     0 | D:1      | Reached XP level 1. HP: 16/16 MP: 1/1
   153 | D:1      | Reached skill level 1 in Stealth
   193 | D:1      | Reached XP level 2. HP: 21/21 MP: 2/2
   417 | D:1      | Found Bamy's Jewellery Shoppe.
   492 | D:1      | Found Josuy's Armour Shoppe.
   570 | D:1      | Found Cekkebegi's Weapon Shop.
   570 | D:1      | Found Eboleh's Antique Armour Boutique.
   808 | D:2      | Reached skill level 2 in Stealth
   920 | D:2      | Noticed Natasha
   928 | D:2      | Killed Natasha
   929 | D:2      | Reached XP level 3. HP: 17/27 MP: 3/3
   937 | D:2      | Noticed Natasha
   942 | D:2      | Killed Natasha
   943 | D:2      | Reached skill level 4 in Fighting
   943 | D:2      | Reached skill level 3 in Stealth
   943 | D:2      | Reached XP level 4. HP: 16/33 MP: 4/4
  1052 | D:2      | Noticed Jessica
  1060 | D:2      | Killed Jessica
  1061 | D:2      | Reached skill level 1 in Unarmed Combat
  1156 | D:2      | Reached XP level 5. HP: 38/38 MP: 5/5
  1418 | D:2      | Noticed Natasha
  1427 | D:2      | Killed Natasha
  1707 | D:3      | Reached skill level 2 in Unarmed Combat
  1962 | D:3      | Found a runed translucent door.
  2134 | D:3      | Reached skill level 5 in Fighting
  2216 | D:3      | Reached XP level 6. HP: 45/45 MP: 6/6
  2354 | D:3      | Noticed ChrisAssaf's ghost (weakling HuGl)
  2384 | D:3      | Reached skill level 3 in Unarmed Combat
  2451 | D:3      | Reached skill level 4 in Unarmed Combat
  2580 | D:4      | Found a staircase to the Ecumenical Temple.
  2590 | Temple   | Entered the Ecumenical Temple
  2628 | Temple   | Became a worshipper of Gozag Ym Sagoz the Greedy
  2793 | D:4      | Reached skill level 5 in Unarmed Combat
  2793 | D:4      | Reached XP level 7. HP: 48/50 MP: 7/7
  3043 | D:5      | Entered Level 5 of the Dungeon
  3562 | D:5      | Found a large runed translucent door.
  3563 | D:5      | Found a large runed translucent door.
  3570 | D:5      | Reached skill level 6 in Fighting
  3570 | D:5      | Reached skill level 6 in Unarmed Combat
  3570 | D:5      | Reached skill level 1 in Shapeshifting
  3570 | D:5      | Reached XP level 8. HP: 41/57 MP: 8/8
  3688 | D:5      | Noticed GigaNiga123's ghost (novice GnWn)
  3705 | D:5      | Reached skill level 2 in Shapeshifting
  4096 | D:5      | Reached skill level 3 in Shapeshifting
  4970 | D:6      | Reached skill level 4 in Shapeshifting
  5092 | D:6      | Found a snail-covered altar of Cheibriados.
  5238 | D:7      | Reached skill level 5 in Shapeshifting
  5481 | D:7      | Reached skill level 6 in Shapeshifting
  5481 | D:7      | HP: 5/57 [sleepcap (5)]
  5489 | D:7      | Reached XP level 9. HP: 8/62 MP: 9/9
  6155 | D:7      | Reached skill level 7 in Shapeshifting
  6726 | D:7      | Noticed Joseph
  6740 | D:7      | Killed Joseph
  6741 | D:7      | Reached skill level 7 in Fighting
  7272 | D:8      | Noticed a troll
  7544 | D:7      | Reached skill level 4 in Dodging
  7813 | D:7      | HP: 6/63 [troll (5)]
  7814 | D:7      | Killed a troll
  7815 | D:7      | Reached skill level 5 in Dodging
  7815 | D:7      | Reached skill level 7 in Unarmed Combat
  7921 | D:8      | Noticed Maggie
  8017 | D:8      | Reached XP level 10. HP: 60/71 MP: 10/10
  8017 | D:8      | Noticed Grum
  8021 | D:8      | HP: 5/71 [wolf[Grum] (3)]
  8022 | D:8      | Slain by a gnoll

Vanquished Creatures
  Joseph (D:7)
  A troll (D:7)
  2 steam dragons (D:7)
  A water moccasin (D:5)
  3 ice beasts
  A centaur (D:6)
  2 phantoms
  A kobold brigand (D:7)
  A scorpion (D:5)
  A gnoll sergeant (D:8)
  9 wights (D:7)
  4 howler monkeys (D:7)
  4 bombardier beetles
  A jelly (D:6)
  An orc priest (D:7)
  A gnoll bouda (D:5)
  Jessica (D:2)
  5 iguanas
  A sleepcap (D:7)
  Natasha (thrice) (D:2)
  8 orc wizards
  8 adders
  17 gnolls
  2 shadow imps
  3 white imps
  4 ufetubi
  A dart slug (D:1)
  A ribbon worm (D:2)
  30 orcs
  4 ball pythons
  7 endoplasms
  5 giant cockroaches
  4 goblins
  6 hobgoblins
  3 jackals (D:3)
  5 quokkas
  2 bats
  3 frilled lizards
  9 kobolds
  11 rats
177 creatures vanquished.

Table legend: (Time is in decaauts)
 A = Elapsed time spent in this place.
 B = Non-inter-level travel time spent in this place.
 C = Inter-level travel time spent in this place.
 D = Time resting spent in this place.
 E = Time spent auto-exploring this place.
 F = Levels seen in this place.
 G = Mean time per level.
                   A        B        C        D        E       F      G
               +--------+--------+--------+--------+--------+-----+--------+
         Total |   8059 |   7661 |    398 |   2204 |   3997 |   9 |  895.4 |
       Dungeon |   7985 |   7660 |    325 |   2204 |   3997 |   8 |  998.1 |
        Temple |     74 |      1 |     73 |      0 |      0 |   1 |   74.0 |
               +--------+--------+--------+--------+--------+-----+--------+

Top non-repeatable levels by time:
     D:7: 2593 daAuts
     D:5: 1375 daAuts
     D:3: 980 daAuts
     D:6: 893 daAuts
     D:1: 808 daAuts
     D:2: 744 daAuts
     D:4: 530 daAuts
  Temple: 74 daAuts
     D:8: 60 daAuts

Table legend:
 A = Non-vault XP
 B = Vault XP
 C = Vault XP percentage of total XP
 D = Non-vault monster count
 E = Vault monster count
 F = Vault count percentage of total count
                 A         B        C        D         E       F
            +---------+---------+-------+---------+---------+-------
      Total |    4067 |     605 |  12.9 |     162 |      15 |   8.5
            +---------+---------+-------+---------+---------+-------
        D:1 |      28 |       0 |   0.0 |      16 |       0 |   0.0
        D:2 |      96 |      80 |  45.5 |       9 |      10 |  52.6
        D:3 |     188 |      59 |  23.9 |      21 |       4 |  16.0
        D:4 |     355 |       0 |   0.0 |      24 |       0 |   0.0
        D:5 |     702 |       0 |   0.0 |      26 |       0 |   0.0
        D:6 |     267 |       0 |   0.0 |      14 |       0 |   0.0
        D:7 |    2291 |     466 |  16.9 |      47 |       1 |   2.1
        D:8 |     140 |       0 |   0.0 |       5 |       0 |   0.0
            +---------+---------+-------+---------+---------+-------
